Cogmind - Beta 17 @@@ ROGUE MODE // 2026.07.18 @ 12:12:17 // Winter2019/RPGLIKE Player: ExAliquo Result: Destroyed by 67-LU7(x) with Makeshift Spear Performance ------------- Evolutions (0) 0 Regions Visited (3) 600 Robots Destroyed (51) 255 Value Destroyed (1436) 1436 Prototype IDs (20) 400 Alien Tech Used (0) 0 Bonus (-13) -13 TOTAL SCORE: 2678 Bonus ------- Friendly Fire -13 Cogmind --------- Core Integrity 0/950 Matter 265/300 Energy 285/290 System Corruption 2% Temperature Cool (0) Movement Immobile (Siege) Location -7/Scraptown Parts ------- > --- POWER (1) -------- Improved Deuterium Engine > --- PROPULSION (2) --- Shield Leg (fused) Shield Leg (fused) > --- UTILITY (2) ------ Transmission Jammer Makeshift Light Armor Plating (fused) > --- WEAPON (3) ------- Autogun (fused) Heavy Battle Rifle (fused) Makeshift Spear > --- INVENTORY (2) ---- Protomatter-54 Protomatter-53 Peak State ------------ > --- POWER ------------ Cooled Ion Engine > --- PROPULSION ------- Cargo Legs > --- UTILITY ---------- Advanced ECM Suite Self-contained Transmogrifier > --- WEAPON ----------- Autogun Heavy Battle Rifle Battle Cannon > --- INVENTORY -------- Protomatter Protomatter [Rating: 40] Favorites ----------- Power Cooled Ion Engine Engine Cooled Ion Engine Propulsion Shield Leg Treads Light Treads Leg Shield Leg Wheel Wheel Flight Unit Flight Unit Utility Makeshift Light Armor Plating Device Improved Terrain Scanner Protection Makeshift Light Armor Plating Weapon Autogun Energy Gun Medium Laser Energy Cannon Subdweller Beam Cannon Ballistic Gun Autogun Ballistic Cannon Battle Cannon Launcher Grenade Launcher Piercing Weapon Makeshift Spear Build | -11 -10 -10 -7 ------- Run | Yrd Mat Sub Scr Slots Evolved 4 | 2 1 . 1 Power . | . . . . Propulsion 1 | 1 . . . Utility 1 | . . . 1 Weapon 2 | 1 1 . . Parts Attached 20 | 6 3 7 4 Power 1 | . . . 1 Engine 1 | . . . 1 Core . | . . . . Reactor . | . . . . Propulsion 5 | 3 1 1 . Treads 2 | 2 . . . Leg 1 | . . 1 . Wheel 1 | 1 . . . Hover . | . . . . Flight 1 | . 1 . . Utility 5 | 1 . 2 2 Device 4 | 1 . 1 2 Storage . | . . . . Processor . | . . . . Hackware . | . . . . Protection 1 | . . 1 . Artifact . | . . . . Weapon 9 | 2 2 4 1 Energy Gun 2 | 1 1 . . Energy Cannon 2 | . . 2 . Ballistic Gun 2 | 1 . 1 . Ballistic Cannon 1 | . . 1 . Launcher 1 | . 1 . . Special Weapon . | . . . . Impact Weapon . | . . . . Slashing Weapon . | . . . . Piercing Weapon 1 | . . . 1 Special Melee Weapon . | . . . . Unidentified Prototypes 1 | . . 1 . Parts Lost . | . . . . Power . | . . . . Propulsion . | . . . . Utility . | . . . . Weapon . | . . . . Highest Loss Streak . | . . . . To Critical Strikes . | . . . . Average Backups . | 1 . . . Power . | . . . . Propulsion . | . . . . Utility . | . . . . Weapon . | . . . . Tool/Special . | . . . . Unused Backups 3 | 2 1 . . Power . | . . . . Propulsion 2 | 2 . . . Utility . | . . . . Weapon 1 | . 1 . . Tool/Special . | . . . . Average Slot Usage (%) 94 | . 98 92 99 Engine 13 | . 14 13 12 Treads 9 | . 29 3 . Leg 15 | . . 19 25 Device 10 | . 14 8 10 Protection 6 | . . 8 12 Energy Gun 8 | . 23 4 . Energy Cannon 2 | . . 3 . Ballistic Gun 19 | . 12 20 25 Ballistic Cannon 5 | . . 9 1 Piercing Weapon 1 | . . . 10 Peak Build Rating 40 | 8 9 40 36 Average Rating 24 | 4 8 29 34 On Entrance 12 | 3 8 9 29 Avg Prop Armor Cover (%) 19 | 24 20 18 26 Naked Turns . | . . . . Heaviest Build 29 | 8 10 29 25 Greatest Support 65 | 30 13 65 65 Greatest Overweight (x) 1 | . . 1 1 Average Overweight (x) . | . . . . Largest Inventory Capacity 2 | 2 2 2 2 Average Capacity 2 | 2 2 2 2 Most Carried 2 | 2 2 2 2 Average Carried 1 | 1 1 1 2 Final Capacity 2 | 2 2 2 2 Final Carried 2 | 1 2 2 2 Transmogrified Parts 10 | . . 10 . Integrity Recovered 8 | . . 8 . Class Distribution -------------------- 30% | Tank 21% | Scout 19% | Mutant 12% | Skirmisher 9% | Gunner 5% | Derelict-Mutant Dominant Class ---------------- Scout | -10/Materials Tank | -10/Subcaves Mutant | -7/Scraptown Resources | -11 -10 -10 -7 ----------- Run | Yrd Mat Sub Scr Matter Collected 1341 | 287 297 737 20 Remotely . | . . . . Salvage Created 1433 | 128 717 588 . Parts 86 | 5 52 29 . Haulers Intercepted 2 | . 2 . . Recyclers Shooed 1 | . 1 . . Parts Field Recycled . | . . . . Retrieved Matter . | . . . . Parts Self-Destructed 14 | . . 14 . Prevented . | . . . . Parts Restored . | . . . . Kills | -11 -10 -10 -7 ------- Run | Yrd Mat Sub Scr Combat Hostiles Destroyed 41 | . 24 17 . Guns 31 | . 22 9 . Cannons 8 | . . 8 . AOE 2 | . 2 . . Classes Destroyed 10 | 2 6 2 . Worker 1 | . 1 . . Tunneler 2 | 2 . . . Hauler 2 | . 2 . . Recycler 1 | 1 . . . Operator 1 | . 1 . . Turret 2 | . . 2 . Watcher 1 | . 1 . . Swarmer 11 | . 7 4 . Grunt 20 | . 17 3 . Subdweller 10 | . . 10 . Best Kill Streak 8 | 3 8 5 . Combat Bots Only 6 | . 6 5 . Max Kills in Single Turn 2 | 1 2 2 . Gunslinging 1 | . 1 1 . Exploded 1 | . 1 . . Melee . | . . . . Uniques/NPCs Destroyed . | . . . . Combat | -11 -10 -10 -7 -------- Run | Yrd Mat Sub Scr Hostile Shots Fired 295 | . 102 70 123 Missed 61 | . 21 21 19 Deflected 22 | . . 13 9 Hits 234 | . 81 49 104 Melee 5 | . . . 5 Projectile 229 | . 81 49 99 AOE 1 | . . 1 . Critical Strikes 2 | . . . 2 Damage Taken 2716 | . 844 687 1185 Core 2079 | . 681 504 894 Absorbed by Shields . | . . . . Redirected to Core 1763 | . 536 397 830 Ignored by Resistances 139 | . 58 42 39 Regen/Repaired (Parts) 47 | . 47 . . Core Remaining (%) 100 | 100 . . . Volleys Fired 184 | 9 77 98 . Largest 3 | 2 3 3 . Hottest 216 | 70 110 216 . Shots Fired 369 | 18 169 181 1 Gun 278 | 18 166 93 1 Cannon 88 | . . 88 . Launcher 3 | . 3 . . Special . | . . . . Kinetic 218 | 9 63 145 1 Thermal 111 | 9 70 32 . Explosive 3 | . 3 . . Electromagnetic 37 | . 33 4 . Robot Hit Streak 31 | 8 11 31 5 Robot Miss Streak 7 | 2 7 4 . Penetration Max . | . . . . Secondary Targets 5 | . 4 1 . Max Gunslinging Chain 1 | . 1 1 . Shots Hit Robots 223 | 13 104 100 6 Core Hits 83 | 4 48 30 1 Critical Kills . | . . . . Critical Parts Destroyed . | . . . . Critical Strikes 9 | 1 4 3 1 Burn 5 | 1 3 1 . Blast 2 | . . 2 . Corrupt 1 | . 1 . . Impale 1 | . . . 1 Melee Attacks 7 | . . . 7 Impact . | . . . . Slashing . | . . . . Piercing 7 | . . . 7 Sneak Attacks . | . . . . Combat Hostiles . | . . . . Follow-up Attacks . | . . . . Damage Inflicted 3634 | 171 1546 1873 44 Guns 2590 | 171 1354 1052 13 Cannons 821 | . . 821 . Explosions 192 | . 192 . . Melee 31 | . . . 31 Ramming . | . . . . Kinetic 2012 | 94 499 1406 13 Thermal 1304 | 77 793 434 . Explosive . | . . . . Electromagnetic 287 | . 254 33 . Impact . | . . . . Slashing . | . . . . Piercing 31 | . . . 31 Highest Corruption 2 | . 1 1 2 Average Corruption 1 | . 1 1 1 Corruption Purged . | . . . . Corruption Blocked . | . . . . Effects 24 | . 4 16 4 Message Errors 4 | . 2 2 . Matter Fused 8 | . 1 5 2 Heat Flow Errors 1 | . . 1 . Energy Discharges 2 | . 1 1 . Parts Rejected 2 | . . 2 . Parts Fused 1 | . . 1 . Data Loss (minor) 3 | . . 2 1 Data Loss (major) 1 | . . 1 . Misfires 1 | . . . 1 Alerts 1 | . . 1 . Overload Shots . | . . . . Overflow Damage 53 | . . 53 . Projectiles 53 | . . 53 . Explosions . | . . . . Melee . | . . . . Knockbacks 8 | . . 8 . Impact . | . . . . Kinetic 8 | . . 8 . Secondary . | . . . . Self-Inflicted Damage 29 | . 29 . . Shots 1 | . 1 . . Rammed . | . . . . Targets Rammed . | . . . . Kicked . | . . . . Crushed . | . . . . Highest Temperature 270 | 45 270 126 . Average Temperature 55 | 17 59 68 . Received Heat Transfer 870 | . 372 216 282 Effects 1 | . 1 . . Energy Bleed 1 | . 1 . . Siege Activations . | . . . . Martial Activations . | . . . . Shielding Activations 8 | . . 7 1 Total Turns 101 | . . 93 8 Longest Duration 18 | . . 18 8 Robots Disrupted . | . . . . Combat Hostiles . | . . . . Robots Corrupted . | . . . . Combat Hostiles . | . . . . Parts Fried . | . . . . Impact Corruptions . | . . . . Robots Melted . | . . . . Combat Hostiles . | . . . . Parts Melted 7 | . 5 2 . Heat Transferred 3258 | 296 2148 814 . Parts Sabotaged . | . . . . Parts Stolen . | . . . . Parts Stripped . | . . . . Power Chain Reactions 1 | . 1 . . Alert | -11 -10 -10 -7 ------- Run | Yrd Mat Sub Scr Maximum Alert Level 1 | . 1 . . Low Security (%) 93 | 100 92 . . Level 1 6 | . 7 . . Level 2 . | . . . . Level 3 . | . . . . Level 4 . | . . . . Level 5 . | . . . . High Security . | . . . . Max Security . | . . . . Peak Influence 305 | 15 305 . . Initial 3 | . 3 . . Average 104 | 2 111 . . Influence Increases 1251 | 15 916 320 . Destroy 0b10 Robot/C 660 | . 480 180 . Destroy 0b10 Robot/NC 40 | 15 25 . . Destroy Leader 116 | . 96 20 . Successful Hack 22 | . 22 . . Select Force Hacks 60 | . 60 . . Disable Machine 135 | . 135 . . Destroy Structure 68 | . 68 . . Lose Combat Pursuer 150 | . 30 120 . Influence Decreases 1251 | 10 617 416 208 Entered New Map 357 | . 2 147 208 Time Decay 626 | 10 347 269 . Purge Threat 268 | . 268 . . Squads Dispatched 5 | . 5 . . Investigation 4 | . 4 . . Extermination . | . . . . Reinforcement 1 | . 1 . . Assault . | . . . . Garrison . | . . . . Intercept . | . . . . Searches Triggered . | . . . . Construction Impeded . | . . . . Haulers Reinforced . | . . . . Active Scanning Responses . | . . . . Cargo Convoy Interrupts . | . . . . Stealth | -11 -10 -10 -7 --------- Run | Yrd Mat Sub Scr Distress Signals . | . . . . Communications Jammed . | . . . . Distress Signals . | . . . . Times Spotted 69 | . 31 24 14 Peak Tracking Total 14 | . 5 4 14 Tactical Retreats 5 | . 2 3 . Traps | -11 -10 -10 -7 ------- Run | Yrd Mat Sub Scr Traps Triggered 2 | . 1 1 . Indirectly . | . . . . Trap Hack Attempts . | . . . . Triggered . | . . . . Disarmed . | . . . . Reprogrammed . | . . . . Reused . | . . . . Traps Extracted . | . . . . Installed . | . . . . Triggered . | . . . . Objects Rigged 4 | . 4 . . Exploded 1 | . 1 . . Machines | -11 -10 -10 -7 ---------- Run | Yrd Mat Sub Scr Machines Disabled 13 | . 9 4 . Max in Single Turn 4 | . 4 2 . Machines Repaired . | . . . . Machines Dismantled . | . . . . Machines Sabotaged . | . . . . Overloaded Fab Kills . | . . . . Hacking | -11 -10 -10 -7 --------- Run | Yrd Mat Sub Scr Machines Accessed 12 | . 9 2 1 Terminals 6 | . 6 . . Fabricators . | . . . . Repair Stations 1 | . 1 . . Recycling Units 2 | . 2 . . Scanalyzers . | . . . . Garrison Access . | . . . . Total Hacks 53 | . 30 14 9 Successful 44 | . 21 14 9 Failed 9 | . 9 . . Catastrophic 2 | . 2 . . Database Lockouts . | . . . . Manual 19 | . 18 1 . Terminals 24 | . 24 . . Fabricators . | . . . . Repair Stations 4 | . 4 . . Recycling Units 2 | . 2 . . Scanalyzers . | . . . . Garrison Access . | . . . . Terminal Hacks 29 | . 6 14 9 Record 22 | . . 13 9 Robot Analysis 1 | . 1 . . Prototype ID Bank 2 | . 2 . . Unreport Threat 2 | . 2 . . Locate Traps 1 | . 1 . . Proto ID Catalog 1 | . . 1 . Fabricator Hacks . | . . . . Repair Station Hacks 4 | . 4 . . Scan Component 2 | . 2 . . Repair 2 | . 2 . . Recycling Unit Hacks . | . . . . Scanalyzer . | . . . . Garrison Access Hacks . | . . . . Unauthorized Hacks 11 | . 11 . . Terminals 9 | . 9 . . Track 3 | . 3 . . Botnet 2 | . 2 . . Detonate 1 | . 1 . . Disrupt 1 | . 1 . . Operators 1 | . 1 . . Skim 1 | . 1 . . Fabricators . | . . . . Repair Stations . | . . . . Recycling Units 2 | . 2 . . Tunnel 2 | . 2 . . Scanalyzers . | . . . . Garrison Access . | . . . . Data Cores Recovered 1 | . 1 . . Used 1 | . 1 . . Hacking Detections 6 | . 6 . . Full Trace Events 2 | . 2 . . Feedback Events 1 | . 1 . . Corruption 1 | . 1 . . Feedback Blocked . | . . . . Robot Schematics Acquired . | . . . . Robots Built . | . . . . Authchips . | . . . . Time . | . . . . Total Robot Build Rating . | . . . . Part Schematics Acquired . | . . . . Parts Built . | . . . . Authchips . | . . . . Time . | . . . . Total Part Build Rating . | . . . . Part Studies Acquired . | . . . . Parts Repaired 2 | . 2 . . Time 52 | . 52 . . Parts Recycled . | . . . . Recycled Matter . | . . . . Retrieved Matter . | . . . . Retrieved Components . | . . . . Parts Scanalyzed . | . . . . Part Schematics Acquired . | . . . . Parts Damaged . | . . . . Bothacking | -11 -10 -10 -7 ------------ Run | Yrd Mat Sub Scr Used RIF Installer . | . . . . Robots Hacked . | . . . . Non-combat . | . . . . Combat . | . . . . Robot Hacks Applied . | . . . . Relay Couplers Released . | . . . . Fabnet Peak Effective % . | . . . . Robots Rewired . | . . . . Allies Hacked . | . . . . Hacks Repelled . | . . . . Allies | -11 -10 -10 -7 -------- Run | Yrd Mat Sub Scr Total Allies . | . . . . Largest Group . | . . . . Highest-Rated Group . | . . . . Highest-Rated Ally . | . . . . Total Orders . | . . . . Ally Attacks . | . . . . Total Damage . | . . . . Kills . | . . . . Allies Corrupted . | . . . . Allies Melted . | . . . . Intel | -11 -10 -10 -7 ------- Run | Yrd Mat Sub Scr Active Infowar (turns) 1889 | 3 894 682 310 Terrain 1567 | 3 894 670 . Jamming 310 | . . . 310 ECM 12 | . . 12 . Robot Analysis Total 1 | . 1 . . Derelict Logs Recovered 2 | . . 2 . Drone Launches . | . . . . Drone Recoveries . | . . . . Exploration | -11 -10 -10 -7 ------------- Run | Yrd Mat Sub Scr Turns Passed 3688 | 61 894 2155 578 Spaces Moved 3216 | 36 877 1903 400 Core 2438 | 35 877 1516 10 Treads 1 | 1 . . . Legs 777 | . . 387 390 Wheels . | . . . . Hover . | . . . . Flight . | . . . . Fastest Speed 50 | 50 50 50 100 Average Speed 85 | 53 50 91 139 Slowest Speed 160 | 160 50 140 140 Overloaded Moves . | . . . . Propulsion Burnouts . | . . . . Robots Hopped . | . . . . Potential Cave-ins . | . . . . Cave-ins Triggered . | . . . . Exploration Rate (%) 52 | 4 84 85 38 Regions Visited 3 Branch Regions 2 Pre-discovered Areas 3 | . 2 1 . Known Exits Taken . | . . . . Unknown Exits Taken 3 | 1 1 1 . Scrap Searched 14 | . . 12 2 Spaces Dug . | . . . . Terrain Destroyed 110 | . 109 1 . Melee . | . . . . Projectile 1 | . . 1 . AOE 109 | . 109 . . Terrain Rammed . | . . . . Walls Destroyed . | . . . . Machines Disabled . | . . . . Actions | -11 -10 -10 -7 --------- Run | Yrd Mat Sub Scr Total 3819 | 58 1185 2161 415 Wait 283 | 3 171 108 1 Move 3213 | 35 876 1902 400 Hop . | . . . . Pick Up 12 | 1 7 4 . Fast Attach 24 | 6 5 9 4 Attach 1 | . . 1 . Detach 1 | 1 . . . Swap 2 | . 2 . . Drop 25 | 3 8 11 3 Fire 184 | 9 77 98 . Melee 7 | . . . 7 Ram . | . . . . Kick . | . . . . Crush . | . . . . Escape Stasis . | . . . . Rewire . | . . . . Trap . | . . . . Miscellaneous 67 | . 39 28 . Route ------- -11/Scrapyard -10/Materials (discovered 5 exits: [*Mat x2] / [*Min x2] / *Sub) -10/Subcaves (discovered 4 exits: *Mat x2 / *Rec / *Scr) -7/Scraptown (discovered 1 exit: [*Fac]) History --------- Turn | Location | Event 1 | -11/Scrapyard | Upgraded with Propulsion slot (x1) 1 | -11/Scrapyard | Upgraded with Weapon slot (x1) 2 | -11/Scrapyard | Discovered new exit (range 2) 62 | -11/Scrapyard | Entered Materials 87 | -10/Materials | Discovered new exit (range 18) 309 | -10/Materials | Build established: Mutant 349 | -10/Materials | Reached level 2 349 | -10/Materials | Upgraded with Weapon slot (x1) 376 | -10/Materials | Discovered new exit (range 17) 404 | -10/Materials | Discovered new exit (range 10) 562 | -10/Materials | Derelicts attacked the area 589 | -10/Materials | Discovered new exit (range 18) 670 | -10/Materials | Repaired Assault Rifle 697 | -10/Materials | Repaired EM Pulse Gun 771 | -10/Materials | Discovered new exit (range 17) 861 | -10/Materials | Reached level 3 956 | -10/Materials | Entered Subcaves 957 | -10/Subcaves | Approached by a straggling Scientist 958 | -10/Subcaves | Reached level 4 959 | -10/Subcaves | Discovered new exit (range 16) 1062 | -10/Subcaves | Identified exit to Recycling 1087 | -10/Subcaves | Visited Clippyterm 1088 | -10/Subcaves | Learned Factory fabricator intel 1095 | -10/Subcaves | Identified exit to Materials 1215 | -10/Subcaves | Visited 4L-MR0's lab 1218 | -10/Subcaves | Found Prototype Device 1223 | -10/Subcaves | Found Cargo Legs 1225 | -10/Subcaves | Attached Cargo Legs, gained temporary slots: Utility x2 1226 | -10/Subcaves | Identified Sfc. Transmogrifier 1466 | -10/Subcaves | Ambushed by Subdwellers from Twisted Machinery 1596 | -10/Subcaves | Shifting Twisted Machinery released Battle Cannon 1602 | -10/Subcaves | Shifting Twisted Machinery released Battle Cannon 1661 | -10/Subcaves | A swath of the cavern ceiling suddenly collapsed 1911 | -10/Subcaves | Build established: Gunner 2262 | -10/Subcaves | Build established: Tank 2423 | -10/Subcaves | Shifting Twisted Machinery released Flamer 2619 | -10/Subcaves | Shifting Twisted Machinery released Sub. Laser 2620 | -10/Subcaves | Shifting Twisted Machinery released Spk. Treads 2715 | -10/Subcaves | A swath of the cavern ceiling suddenly collapsed 3111 | -10/Subcaves | Entered Scraptown 3113 | -7/Scraptown | Reached level 5 3113 | -7/Scraptown | Upgraded with Utility slot (x1) 3484 | -7/Scraptown | Discovered new exit (range 5) 3613 | -7/Scraptown | Visited CPS Storage 3628 | -7/Scraptown | Visited Assassins FH 3659 | -7/Scraptown | Attacked by Scraptown defenders 3666 | -7/Scraptown | Build established: Mutant 3674 | -7/Scraptown | Core integrity fell below 50% 3683 | -7/Scraptown | Core integrity fell below 20% 3689 | -7/Scraptown | Destroyed by 67-LU7(x) with Makeshift Spear Last Messages --------------- 03680_ Penetrated by Bolt. 03681_ Bolt penetrates Wall. 03682_ Activated shielding mode. 03682_ Deflected attack with Shield Leg. 03682_ Enclosure breached. 03682_ Penetrated by Bolt. 03682_ Deflected attack with Shield Leg. 03683_ Penetrated by Bolt. 03683_ Deflected attack with Shield Leg. 03685_ Penetrated by Bolt. 03686_ 67-LU7(x) suffers critical hit (Impale). 03686_ Deflected attack with Shield Leg. 03686_ Machine disabled. 03686_ Bolt penetrates Wall. 03688_ Penetrated by Bolt. 03688_ Deflected attack with Shield Leg. 03688_ Penetrated by Bolt. 03688_ Deflected attack with Shield Leg. 03689_ Bolt penetrates Wall. 03689_ Deflected attack with Shield Leg. Map ----- +----------------------------------------------------+ | ?#"" ""#???????# #?#" "#" "" "#?????? | | ?#""" ""#???????# #?#" """ "#" " "#?????? | | ?#"" ""#??????## ###" "#" "#?????? | | ##""" """######## ##"""""" ""#"" """"""#?????? | | #?????? | | #?????? | | #?????? | | ##### ########### ##########"" """"#####?????? | | ##### ######????## ##????????#" "#?????????? | | """"" """""#####?# #########?#" ""#?????????? | | " " " #?# """"""""#?#" """#?????????? | | " " " "### ### " ""#?#" """#?????????? | | " " " "#"" """ "#?#"""""""#?????????? | | """"" """""#" """ " ""#?#########?????????? | | ##### ######" " """"""""#???????????????????? | | ???"" ""???#" ##"""####???????????????????? | | ? " " ?#" "" " ############????????????????? | | " " " "#" " #?#j Y #????????????????? | | " " "#"""""" ### g b ##???????????????? | | """"" """""####### ##"g g b"#???????????????? | | ##### ######?????# ## " """""##?????????#????? | | ##### ############ #" "#???????? #????? | | # "#?????? #????? | | #" "#????? ?????? | | ################## # #???? ???????? | | ????????????????# # @ #??? ?????????? | | ???????????????### ###x;########### ##########?? | | ???????????????# j hhh #?? | | ???????????????# hrj #?? | | ???????????????# rjppj #?? | | ???????????????# E #?? | | ???????????????# c #?? | | ??????########?# ######;;#"####### #?? | | ??????" " " " ?# #?????#####?????? #?? | | ??????"|" "|"| # #????????????????? #?? | | ?????#"|"|" "| # #?????????????????? #?? | | ?????#"|"|"|" r #??????????????????? #?? | | ?????# # #???????????????????? #?? | | ?????########### #????????????????????? #?? | | ???????????????#c #?????????????????????? "?? | | ???????????????# #??????????????????????? "?? | | ???????????????# #??????????????????????? ??? | | ???????????????# #???????????????????????????? | | ???????????????# #???????????????????????????? | | ???????????????# #???????????????????????????? | | ???????????????# #???????????????????????????? | | ???????????????# #???????????????????????????? | | ???????????????# #???????????????????????????? | | ???????????????# #???????????????????????????? | | ???????????????# ???????????????????????????? | +----------------------------------------------------+ Best States ------------- Heat Dissipation 55 Energy Generation 16 Energy Capacity 290 Matter Stores 300 Matter Capacity 300 Sight Range 18 Terrain Scan Range 16 Terrain Scan Density 210 ECM Strength 2 Jamming Range 12 Armor Coverage 100 Resistance: TH 5 Propulsion Shielding 66 Evasion (%) 55 Recoil Reduction 2 Offensive Hacking 5 Defensive Hacking 5 Item Schematics ----------------- None Robot Schematics ------------------ None Fabricated ------------ Nothing Repaired ---------- Assault Rifle | 68% | -10/Materials EM Pulse Gun | 66% | -10/Materials Studied --------- None Alien Tech Used ----------------- None Achievements -------------- Civilization 2243 Mistaken Identity Physics Hates This One Trick Challenges ------------ None RPGLIKE | -11 -10 -10 -7 --------- Run | Yrd Mat Sub Scr Levels Raised 4 | . 2 1 1 XP Earned 9365 | 3000 3865 2000 500 XP Spent 8975 | 3000 2985 1460 1530 Upgrades 32 | 9 11 7 5 Propulsion Slot 1 | 1 . . . Utility Slot 1 | . . . 1 Weapon Slot 2 | 1 1 . . Core Integrity 7 | . 1 6 . Heat Dissipation 5 | . 2 . 3 Mass Support 3 | 2 . 1 . Inventory Capacity 2 | 2 . . . Sight Range 2 | 2 . . . Terrain Scan Density 2 | . 2 . . Ranged Accuracy 4 | . 3 . 1 Hack Attack % 1 | . 1 . . Hack Defense % 1 | . 1 . . TH Resistance % 1 | 1 . . . Protomatter Created 636 | . 376 260 . Integrity Restored 1373 | . 801 572 . Core 1111 | . 681 430 . Parts 262 | . 120 142 . Protomatter Decayed 256 | . 48 208 . Game ------ Seed ThermalGunBoomstick Manual? 0 Play Time 00:48:17 Cumulative 55.6 hours Start 2026.07.18 @ 11:24:57 End 2026.07.18 @ 12:12:17 Sessions 1 Manual Loads 0 Difficulty Rogue Special Mode Winter2019/RPGLIKE Game No. 102 Rogue 102 Adventurer 0 Explorer 0 Win Type - Total 1 Types 1/0/0/0/0/0/0/0/0/0 Lore% 42 Gallery% 47 Achievement% 44 Wizard Run 0 Options --------- Layout 0 ASCII 0 Keyboard 0 Movement Numpad Keybinds 0 Fullscreen 1 Font 18/SmallcapsGlow Map View 76x50 Zoom Use 0% Tactical HUD 1 Map Filters NONE Filters NONE Steam X RUN: a8e0000b-f009-42db-8db1-7e9f13289a6d